 Dungeon Crawl Stone Soup version 0.28.0 (webtiles) character file.

Game seed: 8446228972152243655

162 Akaron the Digger (level 5, -9/31 HPs)
             Began as an Octopode Earth Elementalist on Feb 6, 2022.
             Killed by nerve-wracking pain
             ... invoked by Grinder
              (13 damage)
             ... on level 3 of the Dungeon.
             The game lasted 00:04:00 (2310 turns).

Akaron the Digger (Octopode Earth Elementalist)     Turns: 2310, Time: 00:04:00

Health: -9/31      AC:  1    Str:  7    XL:     5   Next: 43%
Magic:  0/10       EV: 13    Int: 20    God:
Gold:   141        SH:  0    Dex: 12    Spells: 5/11 levels left

rFire   . . .      SeeInvis .   (no weapon)
rCold   . . .      Faith    .   (no shield)
rNeg    . . .      Spirit   .   (helmet restricted)
rPois   .          Reflect  .   (no amulet)
rElec   .          Harm     .   g - ring of wizardry
rCorr   .          Rampage  .   (no ring)
Will    .....                   (no ring)
Stlth   +++.......              (no ring)
HPRegen 0.10/turn               (no ring)
MPRegen 0.12/turn               (no ring)
                                (no ring)
                                (no ring)

@: no status effects
A: almost no armour, amphibious, 8 rings, camouflage 1, gelatinous body 1,
(nimble swimmer 1), tentacles
a: no special abilities


You were on level 3 of the Dungeon.
You visited 1 branch of the dungeon, and saw 3 of its levels.

You collected 141 gold pieces.

Inventory:

Missiles
 b - 23 stones
Jewellery
 g - a ring of wizardry (left tentacle)
Scrolls
 a - 2 scrolls of immolation {unknown}
 c - 7 scrolls of identify {unknown}
 d - a scroll of fear {unknown}
 e - a scroll of enchant armour {unknown}
 f - 3 scrolls of teleportation {unknown}
 h - a scroll of holy word {unknown}
 i - a scroll of vulnerability {unknown}
Potions
 j - a potion of brilliance {unknown}
 k - a potion of curing {unknown}


   Skills:
 + Level 2.0 Dodging
 - Level 2.6 Stealth
 + Level 3.5 Spellcasting
 * Level 1.8 Conjurations
 + Level 1.1 Transmutations
 + Level 4.3 Earth Magic


You had 5 spell levels left.
You knew the following spells:

 Your Spells              Type           Power      Damage    Failure   Level
a - Sandblast             Erth           40%        2d10      1%          1
b - Passwall              Tmut/Erth      11%        N/A       2%          2
c - Stone Arrow           Conj/Erth      30%        3d8       4%          3

Your spell library contained the following spells:

 Spells                   Type           Power      Damage    Failure   Level
 Petrify                  Tmut/Erth      14%        N/A       17%         4


Dungeon Overview and Level Annotations

Branches:
Dungeon (3/15)

Altars:
Gozag

Annotations:
D:3 Grinder


Innate Abilities, Weirdness & Mutations

You cannot wear most types of armour.
You are amphibious.
You can wear up to eight rings at the same time.
Your skin changes colour to match your surroundings (Stealth+).
Your rubbery body absorbs attacks. (AC +1, EV +1)
((You are camouflaged when in or above water. (Stealth+)))
You have tentacles for arms and can constrict up to eight enemies at once.


Message History

Level annotation: Grinder
There is a stone staircase leading up here.
No target in view!
Grinder is nearby!
Casting: Sandblast (safe; 1% risk of failure)
Confirm with . or Enter, or press ? or * to list all spells.
Aiming: Stone Arrow (dangerous; 4% risk of failure)
Press: ? - help, Shift-Dir - straight line, f - Grinder
Aim: Grinder, carrying a wand of flame (25) (64% to hit)
The stone arrow hits Grinder!
Grinder is moderately wounded.
Casting: Stone Arrow (dangerous; 4% risk of failure)
Confirm with . or Enter, or press ? or * to list all spells.
Aiming: Stone Arrow (dangerous; 4% risk of failure)
Press: ? - help, Shift-Dir - straight line, f/p - Grinder
Aim: Grinder, carrying a wand of flame (25) (moderately wounded, 64% to hit)
The stone arrow misses Grinder.
Grinder says, "I used to sell toenails on the black market."
Grinder hits you.
You writhe in agony.
Casting: Stone Arrow (dangerous; 4% risk of failure)
Confirm with . or Enter, or press ? or * to list all spells.
Aiming: Stone Arrow (dangerous; 4% risk of failure)
Press: ? - help, Shift-Dir - straight line, f/p - Grinder
Aim: Grinder, carrying a wand of flame (25) (moderately wounded, 64% to hit)
The stone arrow hits Grinder!
Grinder is severely wounded.
Grinder zaps a wand.
The puff of flame hits you.
You are too injured to fight recklessly!
Casting: Stone Arrow (dangerous; 4% risk of failure)
Confirm with . or Enter, or press ? or * to list all spells.
Aiming: Sandblast (safe; 1% risk of failure)
Press: ? - help, Shift-Dir - straight line, f/p - Grinder
Aim: Grinder, carrying a wand of flame (24) (severely wounded, 78% to hit)
The blast of sand hits Grinder.
Grinder is severely wounded.
Grinder zaps a wand.
The puff of flame hits you!
* * * LOW HITPOINT WARNING * * *
Grinder gestures at you. Pain shoots through your body!
You die...

...###.##.#..
......$...#.###
..#...<.......o
.............
.....5.....#
...........#####
#..........
###..#########
#......#..@<[#
###.##.#5#####
#.##...#
#.###### #+#


You could see Grinder.

Vanquished Creatures
  Terence (D:2)
  Natasha (thrice) (D:2)
  An adder (D:2)
  A worm (D:2)
  A dart slug (D:1)
  5 endoplasms
  3 giant cockroaches (D:1)
  5 goblins
  2 hobgoblins (D:1)
  6 jackals
  5 kobolds
  7 ball pythons
  2 bats
  4 frilled lizards
  5 rats
51 creatures vanquished.

Notes
Turn   | Place    | Note
-------+----------+-------------------------------------------
     0 | D:1      | Akaron the Octopode Earth Elementalist began the quest for
                  | the Orb.
     0 | D:1      | Reached XP level 1. HP: 11/11 MP: 3/3
   132 | D:1      | Reached XP level 2. HP: 17/17 MP: 3/5
   137 | D:1      | Learned a level 2 spell: Passwall
   389 | D:1      | Found a faded altar of an unknown god.
   786 | D:1      | Reached XP level 3. HP: 17/21 MP: 1/6
   888 | D:1      | Learned a level 3 spell: Stone Arrow
  1270 | D:2      | Noticed Terence
  1274 | D:2      | Reached skill level 1 in Conjurations
  1291 | D:2      | Killed Terence
  1292 | D:2      | Reached XP level 4. HP: 15/27 MP: 0/8
  1520 | D:2      | Found an opulent altar of Gozag.
  1814 | D:2      | Noticed Natasha
  1821 | D:2      | Killed Natasha
  1822 | D:2      | Reached skill level 4 in Earth Magic
  1895 | D:2      | Noticed Natasha
  1898 | D:2      | Killed Natasha
  1899 | D:2      | Reached XP level 5. HP: 29/31 MP: 6/10
  1943 | D:2      | Noticed Natasha
  2047 | D:2      | Killed Natasha
  2199 | D:3      | Noticed Grinder
  2310 | D:3      | Killed from afar by Grinder

Illustrated notes

Levels and vault maps discovered:
D:1:      roderic_crossed_star, layout_loops_cross,
          shapermc_ecumenical_altar_venn, wad_floor_pattern_2,
          minmay_hexomino_c4
D:2:      layout_rooms, basic_altar, uniq_natasha, uniq_terence
D:3:      layout_basic, gammafunk_ghost_nasty_kobolds, serial_shops, shop,
          uniq_grinder

Skill      XL: |  1  2  3  4 |
---------------+-------------+-----
Conjurations   | 1 |  1.8
Spellcasting   | 3 |  3.5
Earth Magic    | 4 |  4.3
Dodging        | |  2.0
Stealth        | |  2.6
Transmutations | |  1.1

Action                   |  1- 3 |  4- 6 || total
-------------------------+-------+-------++-------
Melee: Unarmed           |     2 |       ||     2
       Tentacles         |     2 |       ||     2
       Constrict         |     1 |       ||     1
 Cast: Sandblast         |    52 |    28 ||    80
       Stone Arrow       |       |     3 ||     3
Armor: Skin              |     1 |       ||     1
Dodge: Dodged            |    13 |     7 ||    20
